 Dungeon Crawl Stone Soup version 0.22-a0-422-g9628fc87f1 (webtiles) character file.

83 Arsonius the Vexing (level 4, -1/34 HPs)
             Began as a Centaur Enchanter on May 19, 2018.
             Was an Initiate of Dithmenos.
             Slain by a gnoll
             ... wielding a +0 club
              (6 damage)
             ... on level 3 of the Dungeon.
             The game lasted 00:11:18 (1921 turns).

Arsonius the Vexing (Centaur Enchanter)             Turns: 1921, Time: 00:11:19

Health: -1/34      AC:  5    Str: 10 (11) XL:     4   Next: 22%
Magic:  5/7        EV:  9    Int: 11 (14) God:    Dithmenos [......]
Gold:   104        SH:  0    Dex:  9 (10) Spells: 4/7 levels left

rFire    . . .     SeeInvis .   t - +0 hunting sling
rCold    + . .     Gourm    .   (no shield)
rNeg     . . .     Faith    .   c - +0 leather armour
rPois    .         Spirit   .   (helmet restricted)
rElec    .         Reflect  .   (no cloak)
rCorr    .         Harm     .   (no gloves)
MR       .....                  (no barding)
Stlth    +.........             (no amulet)
HPRegen  0.11/turn              (no ring)
MPRegen  0.10/turn              (no ring)

@: very quick
A: large, hooves 3, horns 1, cold resistance 1, deformed body, speed 2, mutation
resistance 1, shaggy fur 1, tough skin 3
a: Renounce Religion


You were on level 3 of the Dungeon.
You worshipped Dithmenos.
Dithmenos was noncommittal.
You were not hungry.

You visited 1 branch of the dungeon, and saw 4 of its levels.

You collected 104 gold pieces.

Inventory:

Hand Weapons
 a - a +1 dagger
 t - a +0 hunting sling (weapon)
Missiles
 b - 100 stones
 g - 6 tomahawks of dispersal
 m - 20 sling bullets (quivered)
 r - 33 bolts
Armour
 c - a +0 leather armour (worn)
 u - a +0 ring mail
Jewellery
 n - a +4 ring of intelligence {unknown}
Scrolls
 h - 2 scrolls of identify {unknown}
 i - 2 scrolls of teleportation {unknown}
 l - a scroll of enchant weapon {unknown}
 o - 2 scrolls of remove curse {unknown}
 q - 4 scrolls of enchant armour {unknown}
 s - a scroll of fog {unknown}
Potions
 e - a potion of cancellation {unknown}
 j - 2 potions of might
 k - a potion of berserk rage {unknown}
 p - a potion of invisibility {unknown}
 v - a potion of curing
 w - 2 potions of heal wounds {unknown}
Comestibles
 d - 5 rations
 f - a chunk of flesh


   Skills:
 + Level 0.8 Fighting
 + Level 2.2 Short Blades
 - Level 1.3 Dodging
 - Level 2.0 Stealth
 - Level 2.0 Spellcasting
 + Level 3.4 Hexes


You had 4 spell levels left.
You knew the following spells:

 Your Spells              Type           Power        Failure   Level  Hunger
a - Corona                Hex            #......      10%         1    ##.....
b - Ensorcelled Hibernat  Hex/Ice        #.....       30%         2    ###....

Your spell library contained the following spells:

 Spells                   Type           Power        Failure   Level  Hunger
 Confuse                  Hex            #.......     28%         3    ####...
 Tukima's Dance           Hex            #.......     28%         3    ####...
 Dazzling Spray           Conj/Hex       #.....       52%         3    ####...


Dungeon Overview and Level Annotations

Branches:
Dungeon (4/15)
 Temple: D:4-7

Altars:
Dithmenos


Innate Abilities, Weirdness & Mutations

You have hooves in place of feet.
Armour fits poorly on your strangely shaped body.
You cover ground very quickly.
You have extremely tough skin. (AC +3)
You have a pair of small horns on your head.
Your flesh is cold resistant. (rC+)
You are somewhat resistant to further mutation.
You are covered in fur. (AC +1)


Message History

Press: ? - help, Shift-Dir - straight line, f/p - gnoll
Aim: a gnoll, wielding a whip (almost dead)
You shoot a sling bullet. The sling bullet hits the gnoll.
You kill the gnoll!
Dithmenos accepts your kill.
m - 19 sling bullets (gained 1)
You see here a whip.
m - 20 sling bullets (gained 1)
You are feeling hungry.
b - 99 stones (gained 1)
b - 100 stones (gained 1)
There is a stone staircase leading up here.
Eat one of 2 chunks of flesh? (ye/n/q)
You eat one of the 2 chunks of flesh.
This raw flesh tastes terrible.
You climb upwards.
You hear the sound of rushing water.
There is an entrance to a sewer on this level.
Hurry and find it before the portal rusts away!
You hear the slow rusting of a very distant drain.
The gnoll hits you with a club.
You die...

#(# #.# #.# #(#
#(# #(# #.#
##g## #
##..@###.###.#
#.รท...........
#....>.#.###.#
#..<..## ..
##...## ##
#####


You could see a gnoll.

Vanquished Creatures
  2 adders (D:2)
  2 gnolls
  An ooze (D:1)
  A worm (D:2)
  2 dart slugs
  A leopard gecko (D:2)
  2 ball pythons (D:2)
  3 bats (D:2)
  2 giant cockroaches
  3 hobgoblins (D:2)
  2 quokkas (D:3)
  3 frilled lizards
  3 goblins
  5 kobolds
  5 rats
37 creatures vanquished.

Notes
Turn   | Place    | Note
-------+----------+-------------------------------------------
     0 | D:1      | Arsonius the Centaur Enchanter began the quest for the Orb.
     0 | D:1      | Reached XP level 1. HP: 14/14 MP: 3/3
    78 | D:1      | Reached skill level 1 in Short Blades
   271 | D:1      | Reached XP level 2. HP: 20/20 MP: 4/4
   562 | D:1      | Learned a level 2 spell: Ensorcelled Hibernation
   883 | D:2      | Reached skill level 3 in Hexes
   923 | D:2      | Found a shadowy altar of Dithmenos.
   926 | D:2      | Became a worshipper of Dithmenos the Shadowed
  1066 | D:2      | Reached XP level 3. HP: 19/26 MP: 6/6
  1131 | D:2      | Gained mutation: You have a pair of small horns on your head. [potion of mutation]
  1131 | D:2      | Gained mutation: Your flesh is cold resistant. (rC+) [potion of mutation]
  1131 | D:2      | Gained mutation: You are somewhat resistant to further mutation. [potion of mutation]
  1131 | D:2      | Gained mutation: You are covered in fur. (AC +1) [potion of mutation]
  1881 | D:3      | Reached XP level 4. HP: 6/34 MP: 1/7
  1921 | D:3      | Slain by a gnoll

Vault maps used:
D:1:      mainiacjoe_arrival_reflecting_pool
D:2:      lemuel_doored_altar
D:3:      nicolae_overflow_hidden_temple, okawaru_metal_pillars_1_2,
          portal_sewer_entry_b
D:4:      minmay_temple_entry_junction_2, first_ration

Skill      XL: |  1  2  3 |
---------------+----------+-----
Short Blades   | 1 2 |  2.2
Hexes          | 3 |  3.4
Spellcasting   | 2 |  2.0
Stealth        | 2 |  2.0
Fighting       | |  0.8
Dodging        | |  1.3

Action                   |  1- 3 |  4- 6 || total
-------------------------+-------+-------++-------
Melee: Dagger            |   111 |       ||   111
       Kick              |    22 |       ||    22
       Headbutt          |     1 |       ||     1
 Fire: Hunting sling     |    17 |     7 ||    24
Throw: Stone             |     3 |       ||     3
 Cast: Ensorcelled Hiber |     7 |       ||     7
  Use: Potion            |     4 |       ||     4
 Stab: Sleeping          |     2 |       ||     2
  Eat: Chunk             |     2 |     1 ||     3
Armor: Leather armour    |    34 |       ||    34
Dodge: Dodged            |    44 |       ||    44

Table legend:
 A = Spawn XP
 B = Non-spawn XP
 C = Spawn XP percentage of total XP
 D = Spawn monster count
 E = Non-spawn monster count
 F = Spawn count percentage of total count
 G = Total turns spent on level
                    A         B        C        D         E        F      G
               +---------+---------+-------+---------+---------+-------+---------
         Total |       0 |     119 |   0.0 |       0 |      37 |   0.0 |  1921
               +---------+---------+-------+---------+---------+-------+---------
           D:1 |       0 |      19 |   0.0 |       0 |       9 |   0.0 |   879
           D:2 |       0 |      68 |   0.0 |       0 |      23 |   0.0 |   896
           D:3 |       0 |      18 |   0.0 |       0 |       4 |   0.0 |   112
           D:4 |       0 |      14 |   0.0 |       0 |       1 |   0.0 |    34
               +---------+---------+-------+---------+---------+-------+---------
